 Dungeon Crawl Stone Soup version 0.22-a0-354-g30dfbe6 (webtiles) character file.

48 RoseArtemis the Covered (level 3, 0/33 HPs)
             Began as a Minotaur Fighter on Apr 16, 2018.
             Slain by an adder (4 damage)
             ... on level 1 of the Dungeon.
             The game lasted 00:03:41 (1058 turns).

RoseArtemis the Covered (Minotaur Fighter)          Turns: 1058, Time: 00:03:41

Health: 0/33       AC:  8    Str: 20    XL:     3   Next: 50%
Magic:  2/2        EV:  7    Int:  6    God:
Gold:   31         SH:  9    Dex:  9    Spells: 2/2 levels left

rFire    . . .     SeeInvis .   a - +0 war axe
rCold    . . .     Gourm    .   c - +0 shield
rNeg     . . .     Faith    .   b - +0 scale mail
rPois    .         Spirit   .   (helmet restricted)
rElec    .         Reflect  .   n - +0 cloak
rCorr    .         Harm     .   (no gloves)
MR       .....                  (no boots)
Stlth    ..........             (no amulet)
HPRegen  0.11/turn              (no ring)
MPRegen  0.08/turn              (no ring)

@: lethally poisoned (0 -> -8)
A: retaliatory headbutt, horns 2
a: no special abilities


You were on level 1 of the Dungeon.
You were hungry.

You visited 1 branch of the dungeon, and saw 2 of its levels.

You collected 31 gold pieces.

Inventory:

Hand Weapons
 a - a +0 war axe (weapon)
Armour
 b - a +0 scale mail (worn)
 c - a +0 shield (worn)
 n - a +0 cloak (worn)
Scrolls
 h - a scroll of fear {unknown}
 j - 2 scrolls of teleportation {unknown}
 m - a scroll of enchant armour {unknown}
Potions
 d - a potion of might
 e - a potion of heal wounds {unknown}
 i - a potion of flight {unknown}
 k - a potion of mutation {unknown}
 l - a potion of haste {unknown}
Comestibles
 f - 2 rations
 g - a chunk of flesh


   Skills:
 + Level 4.0 Fighting
 * Level 3.5 Axes
 + Level 4.1 Armour
 + Level 4.1 Shields


You had 2 spell levels left.
You didn't know any spells.

Dungeon Overview and Level Annotations

Branches:
Dungeon (2/15)

Altars:


Innate Abilities, Weirdness & Mutations

You reflexively headbutt those who attack you in melee.
You have a pair of horns on your head.


Message History

You barely miss the adder.
The jackal barks!
Your headbutt misses the adder.
The adder is lightly wounded.
You feel sick. You block the adder's attack. The adder completely misses you.
You feel sick.
There is a stone staircase leading up here.
The adder bites you.
* * * LOW HITPOINT WARNING * * *
You are more poisoned.
The adder poisons you!
You climb upwards.
* * * LOW HITPOINT WARNING * * *
You feel sick.
There is a stone staircase leading down here.
You closely miss the adder.
The adder is lightly wounded.
* * * LOW HITPOINT WARNING * * *
You feel sick. The adder closely misses you. The adder bites you.
You die...

######..# #.# #..#
.....รท..#######.######..# ####
######..............##..# #... #
#########..###.##..# #.## # #..#
#.##..# #.# # #..# #.##..# #.#
##############..# #.##..######.#
................###............#
####..#########S@.......########
##.# #####.##.## #####.# #....#
....'.# ###### #######


You could see an adder.

Vanquished Creatures
  A gnoll (D:1)
  A worm (D:1)
  A dart slug (D:1)
  A leopard gecko (D:1)
  A giant cockroach (D:1)
  6 goblins (D:1)
  5 hobgoblins (D:1)
  3 jackals (D:1)
  4 bats (D:1)
  4 frilled lizards
  A kobold (D:1)
  2 rats (D:1)
30 creatures vanquished.

Notes
Turn   | Place    | Note
-------+----------+-------------------------------------------
     0 | D:1      | RoseArtemis the Minotaur Fighter began the quest for the Orb.
     0 | D:1      | Reached XP level 1. HP: 19/19 MP: 0/0
   124 | D:1      | Reached XP level 2. HP: 21/27 MP: 1/1
   457 | D:1      | Reached XP level 3. HP: 31/33 MP: 2/2
  1058 | D:1      | Slain by an adder

Vault maps used:
D:1:      evilmike_arrival_run_for_it

Skill      XL: |  1  2  3 |
---------------+----------+-----
Axes           | 3 |  3.5
Fighting       | 4 |  4.0
Shields        | 4 |  4.1
Armour         | 4 |  4.1

Action                   || total
-------------------------++-------
Melee: War axe           ||    79
       Headbutt          ||    10
Armor: Scale mail        ||    34
Dodge: Dodged            ||    24
Block: Shield            ||    39

Table legend:
 A = Spawn XP
 B = Non-spawn XP
 C = Spawn XP percentage of total XP
 D = Spawn monster count
 E = Non-spawn monster count
 F = Spawn count percentage of total count
 G = Total turns spent on level
                    A         B        C        D         E        F      G
               +---------+---------+-------+---------+---------+-------+---------
         Total |       0 |      69 |   0.0 |       0 |      30 |   0.0 |  1058
               +---------+---------+-------+---------+---------+-------+---------
           D:1 |       0 |      68 |   0.0 |       0 |      29 |   0.0 |  1036
           D:2 |       0 |       1 |   0.0 |       0 |       1 |   0.0 |    22
               +---------+---------+-------+---------+---------+-------+---------
